 Dungeon Crawl Stone Soup version 0.31-a0-960-g0fca184906 (webtiles) character file.

Game seed: 7779977868258653627

72 night the Ruffian (level 4, -1/32 HPs)
             Began as a Demonspawn Shapeshifter on Oct 22, 2023.
             Killed from afar by Natasha (10 damage)
             ... with a magic dart
             ... on level 2 of the Dungeon.
             The game lasted 00:03:32 (1238 turns).

night the Ruffian (Demonspawn Shapeshifter)         Turns: 1238, Time: 00:03:33

Health: -1/32      AC:  6    Str: 14    XL:     4   Next: 6%
Magic:  4/4        EV: 10    Int: 13    God:
Gold:   77         SH:  0    Dex: 13    Spells: 3/3 levels left

rFire   . .          .
                       - Unarmed
rCold   . . .        (no shield)
rNeg    . . .        h - +0 scale mail
rPois   .            (helmet currently unavailable)
rElec   .            (cloak currently unavailable)
rCorr   .            (gloves currently unavailable)
SInv    .            n - melded +0 pair of boots
Will    .....        (no amulet) Stlth
                     (no ring)
HPRegen 0.25/turn    (no ring)
MPRegen 0.09/turn

%: no passive effects
@: beast-form
A: beast (slay +2), ignite blood 1, powered by death 1, sturdy frame 1
a: Begin Untransformation


You were on level 2 of the Dungeon.
You were a hulking beast.
You visited 1 branch of the dungeon, and saw 2 of its levels.

You collected 77 gold pieces.

Inventory:

Missiles
 f - 20 stones
 q - 5 datura-tipped darts
Armour
 a - a +0 animal skin
 e - a +0 leather armour
 h - a +0 scale mail (worn)
 n - a +0 pair of boots (melded)
Jewellery
 i - an amulet of reflection
 j - a ring of ice
 p - a ring of fire
Talismans
 c - a beast talisman (active)
 d - a flux talisman
Scrolls
 g - a scroll of butterflies
 k - a scroll of vulnerability
Potions
 b - a potion of lignification
 l - a potion of magic
 m - 2 potions of curing {unknown}
 o - a potion of invisibility {unknown}
 r - a potion of enlightenment {unknown}
 s - a potion of might {unknown}
 t - a potion of degeneration {unknown}


   Skills:
 - Level 1.0 Fighting
 - Level 1.7 Dodging
 + Level 3.7 Unarmed Combat
 + Level 3.5 Shapeshifting


You had 3 spell levels left.
You didn't know any spells.
Your spell library contained the following spells:

 Spells                   Type           Power      Damage    Failure   Level
 Scorch                   Fire           0%         2d5       77%         2
 Flame Wave               Conj/Fire      0%         2d4       100%        4
 Summon Cactus Giant      Summ           0%         N/A       100%        6


Dungeon Overview and Level Annotations

Branches:
Dungeon (2/15)

Altars:

Annotations:
D:2 Natasha


Innate Abilities, Weirdness & Mutations

You are a hulking beast.
Your limbs bulge with bestial killing power. (Slay +2)
Your demonic aura sometimes causes spilled blood to erupt in flames.
You regenerate a little health from kills.
Your movements are slightly less encumbered by armour. (ER -2)


Message History

Natasha wildly gestures.
You feel disoriented. Natasha barely misses you.
You hit Natasha.
Natasha is moderately wounded.
Natasha claws you!
You closely miss Natasha.
Natasha is moderately wounded.
Natasha stares at you and mumbles some strange words.
The magic dart hits you.
You barely miss Natasha.
Natasha is moderately wounded.
You closely miss Natasha.
Natasha is moderately wounded.
Natasha barely misses you.
You barely miss Natasha.
Natasha is moderately wounded.
Natasha misses you. Natasha claws you.
Natasha casts a spell.
You hit Natasha.
Natasha is heavily wounded.
Natasha claws you.
You hit Natasha.
Natasha is heavily wounded.
The cerulean imp hits you from afar with a +1 spear.
Natasha barely misses you.
You hit Natasha but do no damage.
Natasha is heavily wounded.
The cerulean imp closely misses you. Natasha claws you but does no damage.
You hit Natasha.
Natasha is severely wounded.
The cerulean imp hits you from afar with a +1 spear.
* * * LOW HITPOINT WARNING * * *
You closely miss Natasha.
Natasha is severely wounded.
Natasha casts a spell at you. The magic dart hits you!
You die...
Natasha begins licking her fur clean.

#.... #. ..... ...#. .
#... #.#. .. #### #...
#..#. ...## ####...##
#... #...
........###'## ##5## #
#.....#...# #h..#.#
#.......8.## ##h8...#
#....##..†.# #....###
#.# #....###...###...##
#.###......#....#†...#
#.#........##.......##
#.#.........#.<.8.<.#
#.#........##.......#
#.##.#.).###....#....#
##.##.#...###...###...#


You could see Natasha and a cerulean imp (summoned).

Vanquished Creatures
  Jessica (D:2)
  An adder (D:2)
  3 dart slugs
  A worm (D:2)
  3 bats
  2 endoplasms
  A giant cockroach (D:2)
  4 goblins
  2 hobgoblins
  2 quokkas (D:2)
  A ball python (D:2)
  2 frilled lizards (D:1)
  3 kobolds
  2 rats
28 creatures vanquished.

Notes
Turn   | Place    | Note
-------+----------+-------------------------------------------
     0 | D:1      | night the Demonspawn Shapeshifter began the quest for the
                  | Orb.
     0 | D:1      | Reached XP level 1. HP: 15/15 MP: 1/1
   409 | D:1      | Gained mutation: You regenerate a little health from kills.
                  | [demonic ancestry]
   409 | D:1      | Reached XP level 2. HP: 21/21 MP: 2/2
   954 | D:2      | Gained mutation: Your demonic aura sometimes causes spilled
                  | blood to erupt in flames. [demonic ancestry]
   954 | D:2      | Reached XP level 3. HP: 21/26 MP: 3/3
   980 | D:2      | Noticed Jessica
  1004 | D:2      | Killed Jessica
  1174 | D:2      | Gained mutation: Your movements are slightly less
                  | encumbered by armour. (ER -2) [demonic ancestry]
  1174 | D:2      | Reached XP level 4. HP: 32/32 MP: 4/4
  1223 | D:2      | Noticed Natasha
  1238 | D:2      | Killed from afar by Natasha

Illustrated notes

Levels and vault maps discovered:
D:1:      wander_arrival_estate, layout_basic
D:2:      layout_loops_ring, serial_bayou, serial_bayou_lagoon_b,
          serial_bayou_crossing, serial_bayou_pond_c, serial_bayou_lagoon_a,
          grunt_ministairs_13, kennysheep_cross_room, uniq_natasha, uniq_jessica

Skill      XL: |  1  2 |
---------------+-------+-----
Unarmed Combat | 3 |  3.7
Shapeshifting  | 3 |  3.5
Fighting       | |  1.0
Dodging        | |  1.7

Action                     |  1- 3 |  4- 6 || total
---------------------------+-------+-------++-------
  Melee: Unarmed           |    73 |    19 ||    92
Ability: Begin Untransform |     1 |       ||     1
    Use: Scroll            |     3 |       ||     3
 Armour: Scale mail        |    43 |    10 ||    53
         Leather armour    |     3 |       ||     3
         Animal skin       |     1 |       ||     1
  Dodge: Dodged            |    30 |     9 ||    39
   Form: Beast             |     1 |       ||     1

Table legend: (Time is in decaauts)
 A = Elapsed time spent in this place.
 B = Non-inter-level travel time spent in this place.
 C = Inter-level travel time spent in this place.
 D = Time resting spent in this place.
 E = Time spent auto-exploring this place.
 F = Levels seen in this place.
 G = Mean time per level.
                   A        B        C        D        E       F      G
               +--------+--------+--------+--------+--------+-----+--------+
         Total |   1246 |   1160 |     86 |     32 |    839 |   2 |  623.0 |
       Dungeon |   1246 |   1160 |     86 |     32 |    839 |   2 |  623.0 |
               +--------+--------+--------+--------+--------+-----+--------+

Top non-repeatable levels by time:
     D:1: 822 daAuts
     D:2: 423 daAuts
